 Dungeon Sprint DCSS version 0.18-b1-16-g289874d (webtiles) character file.

6857 otab the Phalangite (level 11, -10/87 HPs)
             Began as a Merfolk Gladiator on May 1, 2016.
             Was the Champion of Qazlal.
             Killed by the air
             ... invoked by a spriggan air mage
              (16 damage)
             ... in the Dungeon (Sprint V: "Ziggurat Sprint").
             The game lasted 00:03:25 (976 turns).

otab the Phalangite (Merfolk Gladiator)              Turns: 976, Time: 00:03:25

Health: -10/87     AC: 37    Str: 15    XL:     11   Next: 6%
Magic:  15/15      EV:  7    Int:  8    God:    Qazlal [******]
Gold:   0          SH: 49    Dex: 30    Spells: 0 memorised, 10 levels left

rFire  + . .     SeeInvis .     K - +8 lance "Wyrmbane" {slay drac, +Rage rPois rF+ AC+5}
rCold  . . .     Gourm    .     L - +15 Maxwell's patent armour {-Cast -Tele rElec MR+ rCorr}
rNeg   + . .     Faith    .     M - +18 shield of the gong {rElec rN+ MR+ EV-5}
rPois  +         Spirit   .     c - +0 helmet
rElec  +         Dismiss  .     Q - +2 cloak {rPois}
rCorr  +         Reflect  +     (no gloves)
SustAt .         Harm     .     P - +1 pair of boots {Fly}
MR     ++...     NoTele   +     o - brooch of Shielding {Reflect SH+8}
Stlth  .......... NoCast   +    B - +6 ring of dexterity
                                y - +6 ring of dexterity

@: protected from electricity, flying, studying Shields, repel missiles, very
resistant to hostile enchantments, extremely unstealthy
A: change form in water, swift swim
a: Upheaval, Elemental Force, Disaster Area, Renounce Religion, Evoke Berserk
Rage, Stop Flying


You were in the Dungeon.
You worshipped Qazlal.
Qazlal was exalted by your worship.
You were full.

You visited 1 branch

Inventory:

Hand Weapons
 a - a +0 trident
 K - the +8 lance "Wyrmbane" (weapon) {slay drac, +Rage rPois rF+ AC+5}
   (You found it in the Dungeon)

   It affects your AC (+5).
   It protects you from fire.
   It protects you from poison.
   It lets you go berserk.
Missiles
 d - 3 throwing nets (quivered)
Armour
 b - a +0 leather armour
 c - a +0 helmet (worn)
 L - the +15 Maxwell's patent armour (worn) {-Cast -Tele rElec MR+ rCorr}
   (You found it in the Dungeon)

   It insulates you from electricity.
   It affects your resistance to hostile enchantments.
   It prevents spellcasting.
   It prevents most forms of teleportation.
   It protects you from acid and corrosion.
 M - the +18 shield of the gong (worn) {rElec rN+ MR+ EV-5}
   (You found it in the Dungeon)

   It affects your evasion (-5).
   It insulates you from electricity.
   It protects you from negative energy.
   It affects your resistance to hostile enchantments.
 P - a +1 pair of boots of flying (worn)
 Q - a +2 cloak of poison resistance (worn)
Jewellery
 o - the brooch of Shielding (around neck) {Reflect SH+8}
   (You found it in the Dungeon)

   [amulet of reflection]

   It shields you and reflects attacks.
   It affects your SH (+8).
 y - a +6 ring of dexterity (left hand)
 B - a +6 ring of dexterity (right hand)
 C - a +6 ring of intelligence
 D - a +6 ring of intelligence
 E - a +6 ring of strength
 F - a +6 ring of strength
 N - an uncursed ring of wizardry
 S - the ring "Gifash" {SustAt rPois}
   (You found it in the Dungeon)

   [ring of sustain attributes]

   It sustains your strength, intelligence and dexterity.
   It protects you from poison.
Wands
 G - a wand of disintegration (7/24)
 H - a wand of iceblast (5/15)
 I - a wand of lightning (5/15)
 J - a wand of acid (5/15)
 O - a wand of heal wounds (2/9)
Scrolls
 k - 4 scrolls of blinking
 r - 4 scrolls of amnesia
 s - 3 scrolls of recharging
 t - 7 scrolls of fog
 u - a scroll of holy word
 v - 5 scrolls of identify
 w - 5 scrolls of remove curse
 x - 2 scrolls of fear
 T - a scroll of brand weapon
Potions
 e - 10 potions of curing
 g - 10 potions of heal wounds
 h - 6 potions of haste
 i - 7 potions of magic
 j - 3 potions of berserk rage
 l - 2 potions of brilliance
 m - 2 potions of invisibility
 n - 4 potions of resistance
 p - 6 potions of agility
 q - 5 potions of might
Books
 R - a manual of Shields
Comestibles
 f - 5 bread rations
 z - 42 fruits
 A - 3 meat rations


   Skills:
 + Level 8.5 Fighting
 * Level 22.0 Polearms
 - Level 2.0 Throwing
 + Level 3.2 Armour
 + Level 12.2 Dodging
 * Level 15.6 Shields
 * Level 5.8 Invocations


You had 10 spell levels left.
You didn't know any spells.

Dungeon Overview and Level Annotations

Branches:
Dungeon (1/1)

Altars:
Ashenzari
Cheibriados
Dithmenos
Elyvilon
Fedhas
Gozag
Kikubaaqudgha
Makhleb
Nemelex Xobeh
Okawaru
Pakellas
Qazlal
Ru
Sif Muna
Trog
Vehumet
Xom
Yredelemnul
Zin
The Shining One
Beogh
Jiyva
Lugonu


Message History

The spriggan air mage shouts! x3
The spriggan air mage casts a spell at you.
The bolt of lightning hits you! You resist.
You feel protected from electricity.
The spriggan air mage waves its arms in wide circles.
The air twists around and violently strikes you in flight!
Found four items.
A dire elephant comes into view.
A spriggan defender and a spriggan air mage come into view.
The spriggan defender shouts!
The spriggan air mage shouts!
The satyr plays a rousing melody on his pipes!
The redback is stirred to greatness!
The shambling mangrove reaches out with a gnarled limb.
Grasping roots rise from the ground around the shambling mangrove!
The spriggan air mage waves its arms in wide circles.
The air twists around and violently strikes you in flight!
* * * LOW HITPOINT WARNING * * *
The spriggan air mage waves its arms in wide circles.
The air twists around and violently strikes you in flight!
You die...

▓.........▓
▓..[i:}|}}..▓▓▓▓▓▓▓▓▓▓▓
▓..i)i:[i.f.▓...8©8.§.▓
▓......Y....▓..§§).§..▓
▓...c.......▓..."[)...▓
▓....ii.i...▓...§.§...▓
▓....s§i....▓...§.....▓
..▓.....▓..▓.........▓
▓.▓§@.▓.▓ ▓.........▓
▓..▓..§§.▓..▓.▓...†.▓.▓
▓.....§§....▓.........▓
▓▓▓▓▓▓▓▓▓▓▓▓▓▓▓▓▓▓▓▓▓▓▓
▓...8©8...▓...8©8...▓..
▓..?:))=|.▓..:.§"...▓..
▓..}§}§§..▓..§§}§...▓..
▓...§..§..▓.....§§..▓..
▓.........▓.........▓..


You could see a dire elephant, a shambling mangrove, a spriggan defender, a
satyr, 2 spriggan berserkers, 5 spriggan air magi and a redback.

Vanquished Creatures
  A reaper (D)
  A wolf spider (D)
  A rust devil (D)
  A black mamba (D)
  A freezing wraith (D)
  A tormentor (D)
  A red devil (D)
  A wind drake (D)
  6 air elementals (D)
  2 spriggans (D)
  A tarantella (D)
  A shadow (D)
  2 nagas (D)
  5 insubstantial wisps (D)
  A water moccasin (D)
  A porcupine (D)
  3 hell hounds (D)
  An ice beast (D)
  2 phantoms (D)
  A necrophage (D)
  A wolf (D)
  5 scorpions (D)
  3 wights (D)
  A quasit (D)
  4 iron imps (D)
  2 mummies (D)
  4 adders (D)
  2 river rats (D)
  A white imp (D)
  An ufetubus (D)
  3 adder zombies (D)
  2 adder skeletons (D)
  2 bat skeletons (D)
  2 bat zombies (D)
  3 ball pythons (D)
  A ball python skeleton (D)
  A giant gecko zombie (D)
  A jackal skeleton (D)
  A jackal zombie (D)
  A quokka skeleton (D)
75 creatures vanquished.

Notes
Turn   | Place    | Note
--------------------------------------------------------------
     0 | D        | otab the Merfolk Gladiator began the quest for the Orb.
     0 | D        | Reached XP level 1. HP: 16/16 MP: 1/1
     0 | D        | Found a viscous altar of Jiyva.
     0 | D        | Found a roughly hewn altar of Beogh.
     0 | D        | Found a corrupted altar of Lugonu.
     0 | D        | Found a white marble altar of Elyvilon.
     0 | D        | Found a sparkling altar of Nemelex Xobeh.
     1 | D        | Found a burning altar of Makhleb.
     1 | D        | Found an iron altar of Okawaru.
     1 | D        | Found a deep blue altar of Sif Muna.
     1 | D        | Found a radiant altar of Vehumet.
     1 | D        | Found a bloodstained altar of Trog.
     1 | D        | Found a shimmering altar of Xom.
    71 | D        | Reached skill level 7 in Polearms
    71 | D        | Reached skill level 1 in Armour
    71 | D        | Reached skill level 5 in Dodging
    71 | D        | Reached XP level 2. HP: 25/25 MP: 2/2
    78 | D        | Became a worshipper of Qazlal Stormbringer
    90 | D        | Entered arena 1.
    90 | D        | Noticed a spriggan
    90 | D        | Noticed a spriggan
   109 | D        | Killed a spriggan
   109 | D        | Reached skill level 12 in Polearms
   109 | D        | Reached XP level 3. HP: 32/32 MP: 3/3
   109 | D        | Reached XP level 4. HP: 38/38 MP: 4/4
   109 | D        | Reached XP level 5. HP: 43/43 MP: 5/5
   114 | D        | Killed a spriggan
   114 | D        | Reached skill level 5 in Fighting
   114 | D        | Reached skill level 14 in Polearms
   114 | D        | Reached XP level 6. HP: 51/51 MP: 6/6
   121 | D        | Entered arena 2.
   126 | D        | Reached * piety under Qazlal
   126 | D        | Reached skill level 10 in Dodging
   138 | D        | Entered arena 3.
   138 | D        | Noticed an air elemental
   138 | D        | Noticed an insubstantial wisp
   138 | D        | Noticed an insubstantial wisp
   138 | D        | Noticed an insubstantial wisp
   155 | D        | Killed an air elemental
   155 | D        | Reached skill level 15 in Polearms
   155 | D        | Reached XP level 7. HP: 47/57 MP: 7/7
   159 | D        | Killed an insubstantial wisp
   159 | D        | Reached skill level 16 in Polearms
   170 | D        | Killed an insubstantial wisp
   170 | D        | Reached skill level 5 in Shields
   175 | D        | Killed an insubstantial wisp
   175 | D        | Reached XP level 8. HP: 53/64 MP: 8/8
   184 | D        | Entered arena 4.
   192 | D        | Reached ** piety under Qazlal
   197 | D        | Reached skill level 17 in Polearms
   244 | D        | Entered arena 5.
   250 | D        | Reached *** piety under Qazlal
   272 | D        | Entered arena 6.
   272 | D        | Noticed a black mamba
   280 | D        | Reached **** piety under Qazlal
   281 | D        | Killed a black mamba
   281 | D        | Reached skill level 18 in Polearms
   286 | D        | Reached XP level 9. HP: 71/71 MP: 9/9
   287 | D        | Reached ***** piety under Qazlal
   303 | D        | Got the ring of Daqow {rCorr Dex+4}
   305 | D        | Entered arena 7.
   337 | D        | Entered arena 8.
   337 | D        | Noticed a wolf spider
   340 | D        | Reached skill level 10 in Shields
   343 | D        | Reached ****** piety under Qazlal
   345 | D        | Reached skill level 19 in Polearms
   347 | D        | Killed a wolf spider
   381 | D        | Entered arena 9.
   381 | D        | Noticed a wind drake
   387 | D        | Reached skill level 20 in Polearms
   390 | D        | Reached XP level 10. HP: 78/79 MP: 10/10
   404 | D        | Reached skill level 1 in Invocations
   430 | D        | Entered arena 10.
   458 | D        | Reached skill level 21 in Polearms
   470 | D        | Entered arena 11.
   471 | D        | Noticed a rust devil
   471 | D        | Noticed a reaper
   498 | D        | Killed a rust devil
   514 | D        | Killed a reaper
   524 | D        | Reached skill level 5 in Invocations
   555 | D        | Got the ring "Gifash" {SustAt rPois}
   660 | D        | Entered arena 12.
   665 | D        | Reached skill level 15 in Shields
   671 | D        | Reached XP level 11. HP: 28/87 MP: 13/15
   675 | D        | Reached skill level 22 in Polearms
   692 | D        | Got the amulet "Najaduff" {Spirit Int+3}
   974 | D        | Entered arena 13.
   975 | D        | Noticed a spriggan berserker
   975 | D        | Noticed a satyr
   975 | D        | Noticed a spriggan air mage
   975 | D        | Noticed a spriggan berserker
   975 | D        | Noticed a spriggan air mage
   975 | D        | Noticed a spriggan air mage
   975 | D        | Noticed a shambling mangrove
   975 | D        | Noticed a spriggan air mage
   976 | D        | Noticed a dire elephant
   976 | D        | Noticed a spriggan defender
   976 | D        | Noticed a spriggan air mage
   976 | D        | Killed from afar by a spriggan air mage

Skill      XL: |  1  2  3  4  5  6  7  8  9 10 11 |
---------------+----------------------------------+-----
Fighting       | 4 5 6 7 8 |  8.5
Polearms       | 7 12 14 15 16 18 20 21 22 | 22.0
Armour         | 1 2 3 |  3.2
Dodging        | 5 8 9 10 11 12 | 12.2
Shields        | 2 3 4 5 8 11 15 | 15.6
Invocations    | 5 |  5.8
Throwing       | |  2.0

Action                   |  1- 3 |  4- 6 |  7- 9 | 10-12 || total
-------------------------+-------+-------+-------+-------++-------
Melee: Lance             |    19 |    32 |   128 |   125 ||   304
Invok: Disaster Area     |       |       |       |     1 ||     1
  Use: Potion            |     1 |       |       |       ||     1
  Eat: Meat ration       |       |       |       |     1 ||     1
Armor: Plate armour      |     7 |     8 |    17 |    22 ||    54
Dodge: Dodged            |       |     1 |     4 |     7 ||    12
Block: Shield            |    17 |    39 |   162 |   192 ||   410
       Reflection        |       |       |     1 |       ||     1
